 Seeded DCSS version 0.30-a0-23-ge60ba3568b (webtiles) character file.

Game seed: 15066806318322621083 (custom seed)

33 purpskrrrp the Sneak (level 3, -2/32 HPs)
             Began as a Naga Brigand on Aug 24, 2022.
             Was a Follower of Trog.
             Slain by a worm (8 damage)
             ... on level 2 of the Dungeon.
             The game lasted 00:01:53 (950 turns).

purpskrrrp the Sneak (Naga Brigand)                  Turns: 950, Time: 00:01:53

Health: -2/32      AC:  3    Str: 13    XL:     3   Next: 29%
Magic:  3/3        EV:  9    Int: 11    God:    Trog [*.....]
Gold:   48         SH:  0    Dex: 14    Spells: 2/2 levels left

rFire   + . .      SeeInvis +    a - +2 dagger
rCold   x . .      Faith    .    (no shield)
rNeg    . . .      Spirit   .    b - +0 robe
rPois   +          Reflect  .    (no helmet)
rElec   .          Harm     .    c - +0 cloak
rCorr   .          Rampage  .    (no gloves)
Will    .....                    (no barding)
Stlth   +++.......               (no amulet)
HPRegen 0.10/turn                h - ring of fire
MPRegen 0.08/turn                (no ring)

@: short of breath, very slow
A: AC +1, large, see invisible, deformed body, poison resistance, slowness 2,
spit poison 1, naga tail 1
a: Spit Poison, Renounce Religion, Berserk


You were on level 2 of the Dungeon.
You worshipped Trog.
Trog was aware of your devotion.
You visited 1 branch of the dungeon, and saw 2 of its levels.

You collected 48 gold pieces.

Inventory:

Hand Weapons
 a - a +2 dagger (weapon)
Missiles
 d - 9 poisoned darts (quivered)
 e - 3 curare-tipped darts
Armour
 b - a +0 robe (worn)
 c - a +0 cloak (worn)
Jewellery
 h - a ring of fire (left hand)
Scrolls
 g - a scroll of torment {unknown}
 i - a scroll of brand weapon {unknown}
Potions
 f - a potion of heal wounds {unknown}


   Skills:
 - Level 2.1 Fighting
 + Level 2.5(2.6) Short Blades
 + Level 1.0(2.0) Long Blades
 - Level 1.9 Throwing
 - Level 1.0 Dodging
 + Level 6.3 Stealth


You had 2 spell levels left.
You didn't know any spells.
Your spell library was empty.

Dungeon Overview and Level Annotations

Branches:
Dungeon (2/15)

Altars:
Trog


Innate Abilities, Weirdness & Mutations

Your serpentine skin is tough. (AC +1)
You have supernaturally acute eyesight. (SInv)
Armour fits poorly on your strangely shaped body.
Your system is resistant to poisons. (rPois)
You cover ground very slowly.
You can spit poison.
You have a snake-like lower body.


Message History

You are too injured to fight recklessly!
You are too injured to fight recklessly!
You are too injured to fight recklessly!
You are too injured to fight recklessly!
You are too injured to fight recklessly!
You are too injured to fight recklessly!
You are too injured to fight recklessly!
You are too injured to fight recklessly!
You are too injured to fight recklessly!
You are too injured to fight recklessly!
You are too injured to fight recklessly!
You hit the worm but do no damage.
The worm is heavily wounded.
You hit the worm.
The worm is heavily wounded.
The worm bites you.
You barely miss the worm.
The worm is heavily wounded.
You hit the worm.
The worm is heavily wounded.
The worm bites you.
* * * LOW HITPOINT WARNING * * *
You barely miss the worm.
The worm is heavily wounded.
You hit the worm.
The worm is heavily wounded.
The worm completely misses you.
You barely miss the worm.
The worm is heavily wounded.
The worm closely misses you.
Okay, then.
Aiming: Spit Poison (2% risk of failure)
Press: ? - help, Shift-Dir - straight line, f - worm
Aim: a worm (heavily wounded, 86% to hit)
The splash of poison hits the worm.
The worm is severely wounded.
You hit the worm.
The worm is almost dead.
The worm bites you!
You die...

#.# #.# #.# #.#
#..# #.# #..# #.#
#.# #..# #w# #.#
#..# ##@########.#
#..# #.........#.#
#..# #..######.#.#
#..# #..# #.#.#
#... #..######.#.#
#.#.
#$........#.####.#.
#.######.........#.
#< .......#...#####
## ##########....#.


You could see a worm.

Vanquished Creatures
  An adder (D:2)
  A dart slug (D:1)
  2 endoplasms (D:1)
  A giant cockroach (D:1)
  3 goblins (D:1)
  3 hobgoblins (D:1)
  2 kobolds
  A quokka (D:1)
  3 bats
  A frilled lizard (D:1)
  3 rats
21 creatures vanquished.

Notes
Turn   | Place    | Note
-------+----------+-------------------------------------------
     0 | D:1      | purpskrrrp the Naga Brigand began the quest for the Orb.
     0 | D:1      | Reached XP level 1. HP: 19/19 MP: 1/1
   225 | D:1      | Reached skill level 1 in Dodging
   225 | D:1      | Reached skill level 6 in Stealth
   225 | D:1      | Reached XP level 2. HP: 23/26 MP: 2/2
   816 | D:1      | Found a faded altar of an unknown god.
   822 | D:1      | Prayed at the altar of an unknown god.
   822 | D:1      | Became a worshipper of Trog the Wrathful
   822 | D:1      | Reached * piety under Trog
   866 | D:2      | Reached skill level 1 in Long Blades
   866 | D:2      | Reached XP level 3. HP: 32/32 MP: 3/3
   950 | D:2      | Slain by a worm

Illustrated notes

Levels and vault maps discovered:
D:1:      nicolae_arrival_somewhat_less_tricky_arrival, layout_rooms,
          dreamdust_ecumenical_altar_angels_and_demons
D:2:      minmay_door_path, layout_loops_ring

Skill      XL: |  1  2 |
---------------+-------+-----
Dodging        | 1 |  1.0
Stealth        | 6 |  6.3
Long Blades    | 1 |  1.0
Fighting       | |  2.1
Short Blades   | |  2.5
Throwing       | |  1.9

Action                   || total
-------------------------++-------
Melee: Dagger            ||    60
 Abil: Spit Poison       ||     1
 Stab: Sleeping          ||     9
Armor: Robe              ||    11
Dodge: Dodged            ||    23

Table legend: (Time is in decaauts)
 A = Elapsed time spent in this place.
 B = Non-inter-level travel time spent in this place.
 C = Inter-level travel time spent in this place.
 D = Time resting spent in this place.
 E = Time spent auto-exploring this place.
 F = Levels seen in this place.
 G = Mean time per level.
                   A        B        C        D        E       F      G
               +--------+--------+--------+--------+--------+-----+--------+
         Total |   1179 |   1133 |     46 |      0 |    929 |   2 |  589.5 |
       Dungeon |   1179 |   1133 |     46 |      0 |    929 |   2 |  589.5 |
               +--------+--------+--------+--------+--------+-----+--------+

Top non-repeatable levels by time:
     D:1: 1060 daAuts
     D:2: 119 daAuts
